 Dungeon Crawl Stone Soup version 0.30-a0-234-g97d66968fd (webtiles) character file.

Game seed: 4788427745249673556

153 qw the Chopper (level 5, -2/32 HPs)
             Began as a Gargoyle Fighter on Oct 9, 2022.
             Slain by Duvessa
             ... wielding a +0 short sword
              (5 damage)
             ... on level 6 of the Dungeon.
             The game lasted 00:00:57 (2313 turns).

qw the Chopper (Gargoyle Fighter)                   Turns: 2313, Time: 00:00:58

Health: -2/32      AC: 10    Str: 22    XL:     5   Next: 35%
Magic:  5/5        EV:  9    Int:  8    God:
Gold:   63         SH:  4    Dex:  9    Spells: 4/4 levels left

rFire   . . .      SeeInvis .    Y - +2 war axe
rCold   . . .      Faith    .    c - +0 buckler
rNeg    + . .      Spirit   .    b - +0 scale mail
rPois   inf        Reflect  .    (no helmet)
rElec   +          Harm     .    (no cloak)
rCorr   .          Rampage  .    (no gloves)
Will    .....                    (no boots)
Stlth   ..........               (no amulet)
HPRegen 0.25/turn                (no ring)
MPRegen 0.09/turn                (no ring)

@: lit by a corona, mesmerised, glowing
A: sickness immunity, AC +4, negative energy resistance 1, electricity
resistance, torment resistance 1, petrification resistance
a: no special abilities


You were on level 6 of the Dungeon.
You visited 1 branch of the dungeon, and saw 4 of its levels.

You collected 139 gold pieces.
You spent 76 gold pieces at shops.


Innate Abilities, Weirdness & Mutations

You are immune to sickness and miasma.
Your stone body is resilient. (AC +4)
You are immune to poison.
You resist negative energy. (rN+)
You are resistant to electric shocks. (rElec)
You are resistant to unholy torment.
You are immune to petrification.


   Skills:
 - Level 3.2 Fighting
 + Level 4.9 Axes
 - Level 3.2 Armour
 - Level 3.2 Shields


You had 4 spell levels left.
You didn't know any spells.
Your spell library was empty.

Inventory:

Hand Weapons
 q - a +0 whip
 Y - a +2 war axe (weapon)
Missiles
 a - a boomerang (quivered)
Armour
 b - a +0 scale mail (worn)
 c - a +0 buckler (worn)
 g - a +0 chain mail
Scrolls
 j - a scroll of teleportation
 k - a scroll of identify
Potions
 d - a potion of might
 e - a potion of heal wounds {unknown}
 f - a potion of curing {unknown}
 h - a potion of flight {unknown}
 i - a potion of lignification {unknown}
 m - a potion of magic {unknown}

Dungeon Overview and Level Annotations

Branches:
Dungeon (3/15)

Altars:

Shops:
D:1 ?[   D:2 *

Annotations:
D:6 Dowan, Duvessa, Maggie


Message History

Duvessa gestures with her weapon.
Duvessa hits you with a +0 short sword.
The bullfrog hits you but does no damage.
Duvessa hits you with a +0 short sword.
Maggie the Vainglorious comes into view.
She is wielding a +0 scimitar.
Maggie shouts!
You hear an angry growl.
You closely miss Duvessa.
Duvessa is severely wounded.
You hit the bullfrog. You block the bullfrog's attack.
You block Duvessa's attack. You block the bullfrog's attack.
Duvessa hits you with a +0 short sword.
You barely miss Duvessa.
Duvessa is severely wounded.
You slash the bullfrog!
The bullfrog hits you but does no damage.
Duvessa hits you but does no damage.
A black bear comes into view.
Maggie mutters to herself, "Master Lance won't take me back.
This is the way forward."
Maggie casts a spell.
Maggie attempts to bespell you! You resist with almost no effort.
The bullfrog hits you but does no damage.
Duvessa says, "When magic and the sword combine, nothing stands against them."
Duvessa hits you with a +0 short sword.
You slash Duvessa!
Duvessa is almost dead.
You barely miss the bullfrog. The bullfrog hits you.
You block Duvessa's attack. You block the bullfrog's attack.
Duvessa gestures with her weapon.
Dowan points at you and mumbles some strange words.
You are outlined in light.
Maggie mumbles some strange words.
Maggie attempts to bespell you!
You are mesmerised by Maggie!
You barely miss Duvessa.
Duvessa is almost dead.
You hit the bullfrog.
The bullfrog snags a nearby moth with its tongue.
The bullfrog hits you. Duvessa hits you with a +0 short sword.
You die...

..# #...#
###..#..###...########
. ..#.!.#..#..^........
Y.#.Y.#...#...########.
.#..e#@..#...#.#
...#...#...#...#
.#...#..e#...#.#
...#...#.F.#...#
#...#.e@#[..#.#
#...#...#...#
#...#...#...#.# #
#..#...#...#.%## #.
##...#...#..#.# #.
.......#..###.# #.#
######..### #.# #####.(
#.. #.# #...... ##. #.
#.#####


You could see Maggie (mesmerising), Duvessa (fast), an ice beast, Dowan and a
bullfrog.

Vanquished Creatures
  An iguana (D:6)
  An orc wizard (D:3)
  5 adders
  A dart slug (D:1)
  3 orcs (D:3)
  11 endoplasms
  2 giant cockroaches
  5 goblins
  2 hobgoblins (D:1)
  2 kobolds (D:1)
  4 quokkas (D:1)
  3 ball pythons
  5 bats
  2 frilled lizards
  5 rats
52 creatures vanquished.

Notes
Turn   | Place    | Note
-------+----------+-------------------------------------------
     0 | D:1      | qw the Gargoyle Fighter began the quest for the Orb.
     0 | D:1      | Reached XP level 1. HP: 14/14 MP: 1/1
     0 | D:1      | 0 ||| qw: Version: 0.2-a-17-g06abaee
     0 | D:1      | 0 ||| qw: Game counter: 2340
     0 | D:1      | 0 ||| qw: Always use a shield: true
     0 | D:1      | 0 ||| qw: God list: Okawaru
     0 | D:1      | 0 ||| qw: Allow faded altars: false
     0 | D:1      | 0 ||| qw: Do Orc after D:15 true
     0 | D:1      | 0 ||| qw: Do second Lair branch before Depths: true
     0 | D:1      | 0 ||| qw: Lair rune preference: random
     0 | D:1      | 0 ||| qw: Plans: Normal, Zot:1-4, God:TSO, Crypt, Tomb,
                  | Pan, Slime:5, Hells, Abyss, Orb
     0 | D:1      | 0 ||| PLANNING D:1-11
   107 | D:1      | Reached skill level 2 in Axes
   235 | D:1      | Reached XP level 2. HP: 19/19 MP: 2/2
   315 | D:1      | 315 ||| Stepping ~*~*~tactically~*~*~ (hiding).
   318 | D:1      | 318 ||| Stepping ~*~*~tactically~*~*~ (hiding).
   432 | D:1      | Found Ussemp's Antique Armour Shop.
   437 | D:1      | 437 ||| SHOPLISTING +3 hat of Pondering {ponderous, Will+
                  | MP+10 Int+5} (647 gold, have 20).
   437 | D:1      | 437 ||| SHOPLISTING dazzling chain mail (161 gold, have
                  | 20).
   437 | D:1      | 437 ||| SHOPLISTING plate armour (391 gold, have 20).
   569 | D:1      | Found Ykkusa's Magic Scroll Emporium.
   582 | D:1      | 582 ||| SHOPLISTING scroll of identify (26 gold, have 24).
   582 | D:1      | 582 ||| SHOPLISTING scroll of teleportation (39 gold, have
                  | 24).
   598 | D:1      | Reached skill level 3 in Axes
   669 | D:1      | Reached XP level 3. HP: 23/23 MP: 3/3
  1178 | D:1      | 1178 ||| READING 3 scrolls labelled CIL YREISI.
  1179 | D:1      | 1179 ||| READING scroll labelled KANOIMAWOE.
  1180 | D:1      | 1180 ||| DROPPING 2 scrolls of blinking.
  1403 | D:2      | Reached XP level 4. HP: 28/28 MP: 4/4
  1469 | D:2      | Reached skill level 4 in Axes
  1807 | D:2      | Found Zaluxiez's Assorted Antiques.
  1816 | D:2      | 1816 ||| BUYING scroll labelled IFYQIN HAY (17 gold).
  1816 | D:2      | Bought a scroll labelled IFYQIN HAY for 17 gold pieces
  1816 | D:2      | 1816 ||| BUYING scroll labelled JOROINE DEMO (17 gold).
  1816 | D:2      | Bought a scroll labelled JOROINE DEMO for 17 gold pieces
  1816 | D:2      | 1816 ||| BUYING whip (42 gold).
  1816 | D:2      | Bought a whip for 42 gold pieces
  1816 | D:2      | 1816 ||| DROPPING +0 club.
  1871 | D:2      | 1871 ||| READING scroll labelled FEAHIA YVOVEAW.
  1872 | D:2      | 1872 ||| READING 2 scrolls labelled IFYQIN HAY.
  1876 | D:2      | 1876 ||| READING scroll labelled MONUHOEDEU.
  1877 | D:2      | 1877 ||| READING 2 scrolls labelled UGO MUIGGI.
  1878 | D:2      | 1878 ||| READING scroll labelled ODWOFUI ZEPPOCRE.
  1897 | D:2      | 1897 ||| READING scroll labelled ZIKUXZEIVE.
  1898 | D:2      | 1898 ||| READING scroll labelled JOROINE DEMO.
  1899 | D:2      | 1899 ||| DROPPING scroll of poison.
  1953 | D:3      | 1953 ||| READING scroll of enchant weapon.
  1953 | D:3      | 1953 ||| ENCHANTING +1 war axe.
  1992 | D:3      | 1992 ||| FLEEEEING.
  1993 | D:3      | 1993 ||| FLEEEEING.
  1994 | D:3      | 1994 ||| FLEEEEING.
  1995 | D:3      | 1995 ||| FLEEEEING.
  1996 | D:3      | 1996 ||| FLEEEEING.
  1997 | D:3      | 1997 ||| FLEEEEING.
  1998 | D:3      | 1998 ||| FLEEEEING.
  1999 | D:3      | 1999 ||| FLEEEEING.
  2068 | D:3      | Reached XP level 5. HP: 27/32 MP: 5/5
  2090 | D:3      | You fall into a shaft and drop 3 floors!
  2273 | D:6      | 2273 ||| Stepping ~*~*~tactically~*~*~ (stealth).
  2274 | D:6      | 2274 ||| Stepping ~*~*~tactically~*~*~ (stealth).
  2275 | D:6      | 2275 ||| Stepping ~*~*~tactically~*~*~ (stealth).
  2276 | D:6      | 2276 ||| Stepping ~*~*~tactically~*~*~ (stealth).
  2278 | D:6      | 2278 ||| Stepping ~*~*~tactically~*~*~ (stealth).
  2280 | D:6      | 2280 ||| Stepping ~*~*~tactically~*~*~ (stealth).
  2281 | D:6      | 2281 ||| Stepping ~*~*~tactically~*~*~ (stealth).
  2301 | D:6      | Noticed Duvessa
  2301 | D:6      | Noticed Dowan
  2303 | D:6      | 2303 ||| Stepping ~*~*~tactically~*~*~ (hiding).
  2304 | D:6      | 2304 ||| Stepping ~*~*~tactically~*~*~ (hiding).
  2305 | D:6      | 2305 ||| Stepping ~*~*~tactically~*~*~ (hiding).
  2305 | D:6      | Noticed an ice beast
  2306 | D:6      | 2306 ||| Stepping ~*~*~tactically~*~*~ (hiding).
  2307 | D:6      | 2307 ||| Stepping ~*~*~tactically~*~*~ (hiding).
  2309 | D:6      | Noticed Maggie
  2311 | D:6      | Noticed a black bear
  2313 | D:6      | HP: 3/32 [bullfrog (6)]
  2313 | D:6      | Slain by Duvessa

Levels and vault maps discovered:
D:1:      amcnicky_arrival_wind_blow, layout_loops_corners, serial_shops, shop,
          nicolae_diamond_shop, minmay_tromino_v4_a
D:2:      layout_loops_cross, serial_shops, shop, minmay_tall_x
D:3:      cheibrodos_pilgrimage, layout_basic, minmay_statues_item
D:6:      layout_loops_ring, gammafunk_ghost_necromancy, grunt_decor_resistance,
          hex_medium, minivault_23, uniq_maggie, uniq_duvessa,
          uniq_crazy_yiuf_cottage

Skill      XL: |  1  2  3  4 |
---------------+-------------+-----
Axes           | 2 3 4 |  4.9
Fighting       | |  3.2
Armour         | |  3.2
Shields        | |  3.2

Action                   |  1- 3 |  4- 6 || total
-------------------------+-------+-------++-------
Melee: War axe           |    91 |    84 ||   175
Throw: Boomerang         |       |     6 ||     6
  Use: Scroll            |     2 |     8 ||    10
Armor: Scale mail        |    47 |    46 ||    93
Dodge: Dodged            |    38 |    28 ||    66
Block: Buckler           |    18 |    15 ||    33

Table legend:
 A = Non-vault XP
 B = Vault XP
 C = Vault XP percentage of total XP
 D = Non-vault monster count
 E = Vault monster count
 F = Vault count percentage of total count
                 A         B        C        D         E       F
            +---------+---------+-------+---------+---------+-------
      Total |     151 |      68 |  31.1 |      41 |      11 |  21.2
            +---------+---------+-------+---------+---------+-------
        D:1 |      45 |       6 |  11.8 |      25 |       3 |  10.7
        D:2 |      42 |      18 |  30.0 |      12 |       4 |  25.0
        D:3 |      14 |      44 |  75.9 |       2 |       4 |  66.7
        D:6 |      50 |       0 |   0.0 |       2 |       0 |   0.0
            +---------+---------+-------+---------+---------+-------
